 Dungeon Crawl Stone Soup version 0.27.1-34-g3ba077fa99 (webtiles) character file.

Game seed: 12741020515823539557

29896 mcbry74 the Severer (level 13, -4/111 HPs)
             Began as a Hill Orc Fighter on Jan 27, 2022.
             Was an Elder of Trog.
             Slain by Jazqba's ghost (35 damage)
             ... on level 4 of the Lair of Beasts.
             The game lasted 01:28:36 (21440 turns).

mcbry74 the Severer (Hill Orc Fighter)             Turns: 21440, Time: 01:28:36

Health: -4/111     AC: 14    Str: 24    XL:     13   Next: 48%
Magic:  13/13      EV: 10    Int:  8    God:    Trog [****..]
Gold:   1090       SH: 11    Dex: 10    Spells: 12/12 levels left

rFire    x x .     SeeInvis .   a - +3 war axe (venom)
rCold    + + .     Faith    +   c - +0 kite shield
rNeg     . . .     Spirit   .   s - +3 troll leather armour {Snorg}
rPois    .         Reflect  .   (no helmet)
rElec    .         Harm     .   D - +0 cloak
rCorr    .         Rampage  .   m - +0 pair of gloves
Will     ++...                  M - +1 pair of boots {Fly}
Stlth    +.........             U - amulet of faith
HPRegen  2.28/turn              j - ring of ice
MPRegen  0.13/turn              C - ring of ice

@: strong-willed, on berserk cooldown, flying, regenerating, slowed, very slow
A: no striking features
a: Renounce Religion, Berserk, Trog's Hand, Brothers in Arms


You were on level 4 of the Lair of Beasts.
You worshipped Trog.
Trog was greatly pleased with you.
You visited 2 branches of the dungeon, and saw 13 of its levels.
You also visited: Volcano.

You collected 1692 gold pieces.
You spent 602 gold pieces at shops.

Inventory:

Hand Weapons
 a - a +3 war axe of venom (weapon)
 h - the +8 lance "Wyrmbane" {slay drac, rPois rF+ rC+ AC+3}
   (You found it on level 4 of the Lair of Beasts)

   It inflicts extra damage against dragons and draconians.
   AC:        It affects your AC (+3).
   rF:        It protects you from fire.
   rC:        It protects you from cold.
   rPois:     It protects you from poison.
 L - a +6 vorpal eveningstar
Missiles
 v - 13 curare-tipped darts
 y - 25 poisoned darts
 B - 3 boomerangs (quivered)
 O - 7 silver javelins
Armour
 b - a +4 scale mail of poison resistance
 c - a +0 kite shield (worn)
 g - a +3 plate armour of fire resistance
 m - a +0 pair of gloves (worn)
 s - a +3 troll leather armour (worn) {Snorg}
 A - a +2 plate armour of fire resistance
 D - a +0 cloak (worn)
 M - a +1 pair of boots of flying (worn)
Jewellery
 e - a ring of willpower
 f - a ring of resist corrosion
 j - a ring of ice (left hand)
 l - a ring of willpower
 C - a ring of ice (right hand)
 Q - a ring of see invisible
 U - an amulet of faith (around neck)
 Z - the ring "Jiuti" {rN+ EV+4}
   (You found it on level 3 of the Lair of Beasts)

   [ring of evasion]

   EV:        It affects your evasion (+4).
   rN:        It protects you from negative energy.
Wands
 d - a wand of digging (6)
 i - a wand of charming (8)
 t - a wand of flame (66)
 x - a wand of mindburst (9)
 F - a wand of acid (8)
 J - a wand of paralysis (15)
Scrolls
 q - 2 scrolls of silence
 K - 7 scrolls of teleportation
 S - 2 scrolls of fear
 V - a scroll of blinking
 W - 2 scrolls of fog
 X - a scroll of summoning
Potions
 n - 2 potions of berserk rage {unknown}
 o - 3 potions of mutation
 p - a potion of haste
 u - a potion of heal wounds
 w - a potion of cancellation {unknown}
 z - 3 potions of curing
 E - a potion of invisibility {unknown}
 H - a potion of degeneration {unknown}
 N - 2 potions of magic {unknown}
 P - a potion of flight {unknown}
 R - a potion of attraction {unknown}
Miscellaneous
 k - a phantom mirror


   Skills:
 + Level 9.4 Fighting
 - Level 16.0 Axes
 + Level 8.7 Throwing
 + Level 10.7 Armour
 - Level 9.1 Shields
 + Level 8.2 Evocations


You had 12 spell levels left.
You didn't know any spells.
Your spell library was empty.

Dungeon Overview and Level Annotations

Branches:
Dungeon (9/15)             Temple (0/1) D:4            Lair (4/6) D:9
 Spider (0/4) Lair:2      Volcano (visited)
  Swamp: Lair:2-4    Shoals: Lair:2-4       Orc: D:9-12

Altars:
Ashenzari
Dithmenos
Nemelex Xobeh
Qazlal
Ru
Trog
Vehumet

Shops:
D:2 [[(?

Annotations:
Lair:4 1 transporter, Jazqba's ghost, journeyman TrBe


Message History

The blink frog blinks!
Jazqba's ghost hits you!!
You closely miss Jazqba's ghost.
Jazqba's ghost is heavily damaged.
You slash the death yak!
The death yak looks as sick as possible!
You feel sick. You block the death yak's attack.
You slice Jazqba's ghost!!
Jazqba's ghost is severely damaged.
You slice the death yak!!
You kill the death yak!
Trog accepts your kill.
You kill the blink frog!
Trog accepts your kill. You block Jazqba's ghost's attack.
You slash Jazqba's ghost!
Jazqba's ghost is severely damaged.
You feel sick.
You slash Jazqba's ghost!
Jazqba's ghost is severely damaged.
You feel sick.
You are no longer poisoned.
You block Jazqba's ghost's attack.
You slash Jazqba's ghost!
Jazqba's ghost is almost destroyed.
You are no longer berserk.
You are exhausted.
You feel yourself slow down.
You hit Jazqba's ghost but do no damage.
Jazqba's ghost is almost destroyed.
Jazqba's ghost hits you!!!
* * * LOW HITPOINT WARNING * * *
Jazqba's ghost closely misses you.
You closely miss Jazqba's ghost.
Jazqba's ghost is almost destroyed.
Jazqba's ghost hits you.
* * * LOW HITPOINT WARNING * * *
You hit Jazqba's ghost but do no damage.
Jazqba's ghost is almost destroyed.
Jazqba's ghost hits you!!
You die...

≈≈≈......####P.##..............
.≈.........##....#.#...........
..............©†..........#.P##
?.........#########........###
..........†##8..†..8##.......#
...........#.........#.......##
...........#..#...#..#........#
...........#.#..†W.#.#.##....##
...........#...†@....#.##.....#
...........#.#.....#.#.###....#
...........#..#...#..#..###..(#
...........#.......S©#.#†.#...#
..###.###..##8.$?)$8##........#
..# ### #P..#########.....##...#
..# ### ##P.....©..............#
.###.P# ###.#.................#
......######.....................


You could see Jazqba's ghost.

Vanquished Creatures
  The ghost of Dicemaster the Thaumaturge, a journeyman GnWr of Makhleb (Lair:3)
  Snorg (Lair:3)
  The ghost of Jazqba the Grappler, a journeyman TrBe of Trog (Lair:2)
  2 hydras (Lair:2)
  A two-headed ogre (D:9)
  A death yak (Lair:4)
  Urug (Lair:3)
  A hell knight (Volcano)
  A sun demon (Volcano)
  A fire crab (Lair:1)
  Pikel (D:5)
  The ghost of Garym the Geomancer, a novice GrEE (D:6)
  An ugly thing (Volcano)
  An ice statue (Lair:4)
  A black mamba (Lair:3)
  Maurice (D:8)
  4 elephants (Lair:3)
  A torpor snail (Lair:3)
  3 cane toads
  2 kobold demonologists (D:9)
  4 komodo dragons
  2 molten gargoyles (Volcano)
  2 rime drakes
  2 polar bears
  17 blink frogs
  A wraith (D:7)
  A steam dragon (Lair:4)
  2 fire bats (Volcano)
  4 wyverns
  23 yaks
  3 basilisks
  Menkaure (D:4)
  An acid dragon (D:6)
  3 hell hounds (Volcano)
  16 water moccasins
  An orc warrior (D:6)
  3 black bears
  A sky beast (D:6)
  A necrophage (D:7)
  6 ice beasts
  7 wolves
  3 ogres
  3 lemures (D:5)
  5 centaurs
  A kobold brigand (D:9)
  10 bullfrogs
  A gnoll sergeant (D:8)
  4 scorpions
  A water moccasin skeleton (D:5)
  3 wights (D:6)
  A howler monkey (D:9)
  A centaur zombie (D:5)
  A lava snake (Volcano)
  A bullfrog skeleton (D:6)
  2 centaur skeletons
  2 hounds (D:7)
  3 jellies
  5 orc priests
  Crazy Yiuf (D:3)
  2 iguanas
  Natasha (thrice) (D:4)
  7 orc wizards
  7 hell rats (Lair:2)
  2 hound skeletons (D:4)
  Robin (D:3)
  5 gnolls (D:8)
  10 adders
  3 white imps
  An ufetubus (D:6)
  An adder skeleton (D:4)
  2 worms (D:2)
  A dart slug (D:4)
  22 orcs
  5 ball pythons
  5 endoplasms
  2 giant cockroaches
  12 goblins
  10 hobgoblins
  8 jackals
  2 quokkas
  3 bats
  A frilled lizard (D:1)
  10 kobolds
  8 rats
309 creatures vanquished.

Vanquished Creatures (others)
  A bullfrog (Lair:3)
  23 bushes (Lair:2)
  22 fungi
  36 plants
82 creatures vanquished.

Grand Total: 391 creatures vanquished

Notes
Turn   | Place    | Note
-------+----------+-------------------------------------------
     0 | D:1      | mcbry74 the Hill Orc Fighter began the quest for the Orb.
     0 | D:1      | Reached XP level 1. HP: 19/19 MP: 1/1
   354 | D:1      | Reached skill level 3 in Axes
   511 | D:1      | Reached XP level 2. HP: 24/27 MP: 2/2
   823 | D:1      | Found a faded altar of an unknown god.
  1021 | D:2      | Found Uracziud's Antique Armour Shoppe.
  1105 | D:2      | Reached XP level 3. HP: 33/33 MP: 3/3
  1302 | D:2      | Found Teoh's Weapon Shoppe.
  1324 | D:2      | Found Pietuk's Antique Armour Shop.
  1739 | D:2      | Found Raxiq's Magic Scroll Shoppe.
  1762 | D:2      | Bought a scroll of identify for 20 gold pieces
  1769 | D:2      | Found a broken altar of Ashenzari.
  1914 | D:2      | Noticed an ogre
  1922 | D:2      | Killed an ogre
  1923 | D:2      | Reached skill level 4 in Axes
  1923 | D:2      | Reached skill level 1 in Throwing
  1923 | D:2      | Reached XP level 4. HP: 18/41 MP: 4/4
  1923 | D:2      | Reached XP level 5. HP: 20/47 MP: 5/5
  2558 | D:3      | Found a bloodstained altar of Trog.
  2649 | D:3      | Became a worshipper of Trog the Wrathful
  2907 | D:3      | Noticed Robin
  2928 | D:3      | Killed Robin
  2978 | D:3      | Found a sacrificial altar of Ru.
  3104 | D:3      | Reached skill level 5 in Axes
  3107 | D:3      | Reached * piety under Trog
  3585 | D:3      | Found a runed translucent door.
  3586 | D:3      | Noticed Crazy Yiuf
  3599 | D:3      | Killed Crazy Yiuf
  3600 | D:3      | Reached XP level 6. HP: 28/53 MP: 2/6
  3980 | D:4      | Noticed Menkaure
  4015 | D:4      | Killed Menkaure
  4272 | D:4      | Found a staircase to the Ecumenical Temple.
  4279 | D:4      | Reached skill level 5 in Fighting
  4444 | D:4      | Noticed Natasha
  4455 | D:4      | Killed Natasha
  4554 | D:4      | Reached skill level 6 in Axes
  4651 | D:4      | Reached XP level 7. HP: 50/61 MP: 7/7
  4952 | D:4      | Noticed Natasha
  4961 | D:4      | Killed Natasha
  5104 | D:4      | Noticed Natasha
  5107 | D:4      | Killed Natasha
  5614 | D:5      | Entered Level 5 of the Dungeon
  5734 | D:5      | Reached skill level 7 in Axes
  5734 | D:5      | Reached skill level 5 in Shields
  5795 | D:5      | Noticed Pikel
  5813 | D:5      | Killed Pikel
  5814 | D:5      | Reached skill level 8 in Axes
  5814 | D:5      | Reached skill level 5 in Armour
  5814 | D:5      | Reached XP level 8. HP: 20/70 MP: 8/8
  6630 | D:5      | Found a radiant altar of Vehumet.
  7256 | D:6      | Reached ** piety under Trog
  7257 | D:6      | Reached XP level 9. HP: 27/78 MP: 9/9
  7498 | D:6      | Reached skill level 9 in Axes
  7597 | D:6      | Found a shadowy altar of Dithmenos.
  7667 | D:6      | Reached skill level 1 in Evocations
  7976 | D:6      | Found a runed translucent gate.
  7976 | D:6      | Found a runed translucent gate.
  7976 | D:6      | Found a runed translucent gate.
  7978 | D:6      | Noticed Garym's ghost (novice GrEE)
  9204 | D:6      | Killed Garym's ghost
  9205 | D:6      | Reached skill level 10 in Axes
  9883 | D:7      | Found a sparkling altar of Nemelex Xobeh.
 10020 | D:7      | Found a stormy altar of Qazlal.
 10181 | D:7      | Reached XP level 10. HP: 84/84 MP: 10/10
 10570 | D:8      | Reached skill level 5 in Throwing
 10578 | D:8      | Reached skill level 11 in Axes
 11363 | D:8      | Noticed Maurice
 12179 | D:8      | Killed Maurice
 12731 | D:9      | Noticed a kobold demonologist
 13194 | D:9      | Noticed a two-headed ogre
 13202 | D:9      | Killed a two-headed ogre
 13203 | D:9      | Reached skill level 12 in Axes
 13374 | D:9      | Reached XP level 11. HP: 63/91 MP: 11/11
 13573 | D:9      | Reached *** piety under Trog
 13675 | D:9      | Reached skill level 5 in Evocations
 14013 | D:9      | Found a staircase to the Lair.
 14771 | D:2      | Bought a scroll of identify for 20 gold pieces
 14771 | D:2      | Bought a scroll of fear for 35 gold pieces
 14771 | D:2      | Bought a scroll of identify for 20 gold pieces
 14771 | D:2      | Bought a scroll of teleportation for 30 gold pieces
 14771 | D:2      | Bought a scroll of fog for 20 gold pieces
 14771 | D:2      | Bought a scroll of teleportation for 30 gold pieces
 14771 | D:2      | Bought a scroll of summoning for 95 gold pieces
 14771 | D:2      | Bought a scroll of teleportation for 30 gold pieces
 14816 | D:2      | Bought a pair of embroidered boots for 112 gold pieces
 14816 | D:2      | Bought a robe for 10 gold pieces
 14826 | D:2      | Bought a runed scale mail for 105 gold pieces
 14885 | D:2      | Bought a scroll of enchant weapon for 75 gold pieces
 15011 | Lair:1   | Entered Level 1 of the Lair of Beasts
 15143 | Lair:1   | Reached skill level 13 in Axes
 15633 | Lair:1   | Found a dark tunnel.
 15638 | Volcano  | Entered a volcano
 16164 | Volcano  | Found a bloodstained altar of Trog.
 16164 | Volcano  | Noticed a red ugly thing
 16164 | Volcano  | Noticed a sun demon
 16171 | Volcano  | Killed a red ugly thing
 16177 | Volcano  | Killed a sun demon
 16222 | Volcano  | Noticed a hell knight
 16240 | Volcano  | Killed a hell knight
 17107 | Lair:1   | Reached skill level 14 in Axes
 17107 | Lair:1   | Reached XP level 12. HP: 62/97 MP: 12/12
 18140 | Lair:2   | Noticed an eight-headed hydra
 18152 | Lair:2   | Killed an eight-headed hydra
 18431 | Lair:2   | Noticed a seven-headed hydra
 18442 | Lair:2   | Killed a seven-headed hydra
 18523 | Lair:2   | Found a runed translucent door.
 18524 | Lair:2   | Noticed Jazqba's ghost (journeyman TrBe)
 18551 | Lair:2   | Killed Jazqba's ghost
 19167 | Lair:2   | Found a hole to the Spider Nest.
 19544 | Lair:3   | Noticed Snorg
 19556 | Lair:3   | Killed Snorg
 19687 | Lair:3   | Reached skill level 15 in Axes
 20030 | Lair:3   | Reached **** piety under Trog
 20096 | Lair:3   | Reached skill level 10 in Armour
 20122 | Lair:3   | Noticed Urug
 20139 | Lair:3   | Killed Urug
 20202 | Lair:3   | Identified the ring "Jiuti" {rN+ EV+4}
 20287 | Lair:3   | Found a runed translucent door.
 20287 | Lair:3   | Noticed Dicemaster's ghost (journeyman GnWr)
 20307 | Lair:3   | Reached XP level 13. HP: 94/108 MP: 13/13
 20489 | Lair:3   | Killed Dicemaster's ghost
 20822 | Lair:1   | Identified a scroll of acquirement
 20823 | Lair:1   | Acquired 593 gold pieces
 21068 | Lair:4   | Found a transporter.
 21082 | Lair:4   | Noticed Jazqba's ghost (journeyman TrBe)
 21197 | Lair:4   | Found the +8 lance "Wyrmbane" {slay drac, rPois rF+ rC+
                  | AC+3}
 21242 | Lair:4   | Reached skill level 16 in Axes
 21381 | Lair:4   | Found a transporter.
 21440 | Lair:4   | Slain by Jazqba's ghost

Illustrated notes

Levels and vault maps discovered:
D:1:      amcnicky_arrival_single_pillar, layout_basic,
          ebering_ecumenical_altar_mist
D:2:      layout_basic, basic_altar, serial_co_window_serial,
          co_window_corner_a, co_window_paths_a, co_window_paths_b,
          co_window_corner_a, co_window_corner_a, co_window_broadway_b,
          co_window_of_opportunity_b, co_window_corner_ca, co_window_2corner,
          co_window_unsneaky_path_c, glass_columns_a, glass_columns_b,
          glass_columns_c, serial_shops, nicolae_shop_statue_plus, shop,
          nicolae_shop_temple_entry_statues_fountains, nicolae_shop_stone
D:3:      layout_rooms, nicolae_ru_sacrificial_ziggurat, amcnicky_altar_gilded,
          serial_corexii_hall, corexii_hall_statues_t,
          chequers_hall_statues_wall_a, corexii_hall_statues_l,
          uniq_crazy_yiuf_cottage, uniq_robin
D:4:      layout_loops_corners, minmay_temple_entry_proselytizer, uniq_natasha,
          uniq_menkaure
D:5:      layout_rooms, nicolae_vehumet_altar_sigil, minmay_misc_feat_x,
          uniq_pikel
D:6:      layout_gridville, nicolae_dithmenos_the_darkroom,
          gammafunk_ghost_split, minmay_misc_feat_columns
D:7:      layout_loops_ring, general_overflow_altar, lemuel_doored_altar,
          chequers_serial_rivers_marsh
D:8:      layout_basic, uniq_maurice
D:9:      layout_irregular_city, minmay_lair_entry_grove
Lair:1:   layout_gridlike, enter_volcano_4
Lair:2:   layout_misc_corridors, dummy_spider_entry, gammafunk_ghost_grave,
          minmay_hedge_maze, infiniplex_staircase_pool_2
Lair:3:   layout_roguey, hellmonk_ghost_happy_afterlife, lemuel_old_faithful,
          uniq_snorg, uniq_urug
Lair:4:   layout_cave_pods, elwin_shoals_entry_stream, gammafunk_ghost_arena,
          ice2_lemuel, lemuel_fruit_tree, infiniplex_staircase_pool

Skill      XL: |  1  2  3  4  5  6  7  8  9 10 11 12 13 |
---------------+----------------------------------------+-----
Axes           | 3 4 5 6 8 10 12 14 15 16 | 16.0
Fighting       | 4 5 6 8 9 |  9.4
Throwing       | 1 2 3 4 5 7 8 |  8.7
Shields        | 4 5 6 7 8 9 |  9.1
Armour         | 4 5 6 7 9 10 | 10.7
Evocations     | 3 4 6 7 8 |  8.2

Action                   |  1- 3 |  4- 6 |  7- 9 | 10-12 | 13-15 || total
-------------------------+-------+-------+-------+-------+-------++-------
Melee: War axe           |    87 |   125 |   258 |   647 |   242 ||  1359
       Mace              |       |       |       |    11 |       ||    11
       Lance             |       |       |       |       |     3 ||     3
Throw: Stone             |    66 |    15 |    17 |       |       ||    98
       Dart              |       |       |    21 |    21 |       ||    42
       Boomerang         |       |       |    31 |    20 |     8 ||    59
Invok: Berserk           |       |     2 |     5 |    10 |     1 ||    18
       Trog's Hand       |       |       |     1 |    15 |     1 ||    17
Evoke: Wand              |       |       |     2 |     2 |       ||     4
  Use: Scroll            |     2 |     3 |     7 |    12 |     3 ||    27
       Potion            |       |     1 |       |     3 |       ||     4
Armor: Scale mail        |    32 |    51 |    54 |    53 |       ||   190
       Chain mail        |       |       |    76 |   143 |       ||   219
       Ring mail         |       |       |       |    16 |       ||    16
       Plate armour      |       |       |       |    25 |       ||    25
       Troll leather arm |       |       |       |    19 |    89 ||   108
Dodge: Dodged            |    26 |    46 |    65 |   170 |    60 ||   367
Block: Kite shield       |    31 |    60 |   147 |   320 |   121 ||   679
